 Dungeon Crawl Stone Soup version 0.17-a0-491-gbd49765 (webtiles) character file.

2216 frag the Ducker (level 9, -1/87 HPs)
             Began as a Troll Fighter on Apr 10, 2015.
             Was an Initiate of Gozag.
             Succumbed to a green ugly thing's poison
             ... on level 7 of the Dungeon.
             The game lasted 00:43:42 (6262 turns).

frag the Ducker (Troll Fighter)                     Turns: 6262, Time: 00:43:42

Health: -1/87      AC:  5    Str: 29    XL:     9   Next: 13%
Magic:  1/8        EV: 11    Int:  4    God:    Gozag
Gold:   225        SH: 11    Dex:  9    Spells: 0 memorised, 8 levels left

rFire  x . .     SeeInvis .       - Unarmed
rCold  + . .     Clarity  .     b - +0 robe
rNeg   . . .     SustAb   .     c - +1 shield
rPois  .         Gourm    +     (helmet restricted)
rElec  .         Spirit   +     (no cloak)
rCorr  .         Warding  .     (gloves unavailable)
rMut   .         Stasis   .     (boots unavailable)
MR     .....                    B - amulet of guardian spirit
Stlth  +.........               (no ring)
                                f - ring of ice

@: lethally poisoned (-1 -> -31), very slightly contaminated, not resistant to
hostile enchantments, very unstealthy
A: unfitting armour, claws 3, fast metabolism 3, gourmand, regeneration 2,
shaggy fur 1, tough skin 2
a: Potion Petition, Call Merchant, Bribe Branch, Renounce Religion


You were on level 7 of the Dungeon.
You worshipped Gozag.
Gozag was noncommittal.
You were hungry.

You visited 1 branch of the dungeon, and saw 7 of its levels.
You also visited: Sewer.

You collected 360 gold pieces.
You paid 135 gold pieces to Gozag.

Inventory:

Hand weapons
 g - a +0 hand axe
 j - a +1 flail
 C - a +1 whip of distortion
 E - a +0 dagger of electrocution
 I - a +0 long sword
 L - a +1 falchion of holy wrath
Armour
 b - a +0 robe (worn)
 c - a +1 shield (worn)
 d - a +0 chain mail
Jewellery
 f - a ring of ice (left claw)
 z - an uncursed ring of flight {unknown}
 A - an uncursed amulet of rage
 B - an amulet of guardian spirit (around neck)
Magical devices
 h - a wand of slowing (17)
Scrolls
 r - 4 scrolls of remove curse
 t - a scroll of fear
 w - a scroll of fog {unknown}
 y - 2 scrolls of magic mapping
Potions
 e - a potion of might
 i - a potion of mutation {unknown}
 k - 2 potions of ambrosia {unknown}
 m - 4 potions of curing
 n - 3 potions of brilliance {unknown}
 o - a potion of resistance {unknown}
 p - 2 potions of degeneration {unknown}
 q - 2 potions of poison {unknown}
 u - a potion of restore abilities {unknown}
 D - 2 potions of agility {unknown}
 F - a potion of cancellation {unknown}
Books
 l - a book of Unlife

   Spells                             Type                      Level
   a - Recall                         Summoning/Translocation      3
   b - Animate Dead                   Necromancy                   4
   c - Control Undead                 Necromancy                   4
   d - Cigotuvi's Embrace             Necromancy                   5
   e - Death Channel                  Necromancy                   6
   f - Simulacrum                     Ice/Necromancy               6
 J - a book of the Sky

   Spells                             Type                      Level
   a - Flight                         Charms/Air                   3
   b - Airstrike                      Air                          4
   c - Silence                        Hexes/Air                    5
   d - Deflect Missiles               Charms/Air                   6
   e - Conjure Ball Lightning         Conjuration/Air              6
   f - Tornado                        Air                          9
Comestibles
 a - a bread ration
 s - a meat ration
 G - a fruit
 K - a royal jelly


   Skills:
 + Level 4.8 Fighting
 + Level 0.5 Maces & Flails
 + Level 7.1 Dodging
 + Level 0.4 Stealth
 + Level 5.4 Shields
 + Level 5.1 Unarmed Combat


You had 8 spell levels left.
You didn't know any spells.

Dungeon Overview and Level Annotations

Branches:
Dungeon (7/15)             Temple (0/1) D:5

Altars:
Ashenzari
Gozag
Ru
Sif Muna
Trog
Xom


Innate Abilities, Weirdness & Mutations

You are too large for most types of armour.
You have claws for hands.
Your metabolism is lightning-fast.
You like to eat raw meat.
You heal very quickly.
You are covered in fur (AC +1).
You have very tough skin (AC +2).


Message History

You feel very sick. The green ugly thing bites you!
* * * LOW HITPOINT WARNING * * *
Read which item? (? for menu, Esc to quit)
Blink to where?
Press: ? - help, Dir - move target cursor You are very lightly contaminated with residual magic.
As you read the scroll of blinking, it crumbles to dust.
* * * LOW HITPOINT WARNING * * *
You feel very sick.
* * * LOW HITPOINT WARNING * * *
You feel very sick.
* * * LOW HITPOINT WARNING * * *
You feel very sick.
* * * LOW HITPOINT WARNING * * *
You feel very sick.
* * * LOW HITPOINT WARNING * * *
You feel very sick.
You die...
Your body crumbles into a pile of gold.

#.o....# #. ####.#.# #.
#..$$#.# #.u##.#
#.##+##..###.# #........#
## ######### ##...#...#
#.......# #.....u##########
#.......#
#####.....@.....###.......#
#####..#...................
#......#.########.#........
#.####.#># #.#.......#
#.#.# #.........# #.#.#
########### #...# #####


You could see a green ugly thing (bleeding).

Vanquished Creatures
  The ghost of frag the Shield-Bearer, an experienced HuFi (D:3)
  Sigmund (D:2)
  An orc warrior (D:7)
  2 ogres
  A necrophage (D:5)
  A sky beast (D:7)
  A black bear (D:6)
  The ghost of frag the Skirmisher, an average CeFi (D:4)
  2 centaurs
  A big kobold (Sewer)
  A giant frog (D:6)
  2 scorpions
  A crimson imp (D:5)
  2 giant frog zombies
  A goliath beetle (D:6)
  An orc priest (D:4)
  2 hounds (D:5)
  2 orc wizards (D:4)
  4 worker ants
  11 adders
  7 gnolls
  6 worms
  3 adder skeletons
  11 giant geckos
  2 oozes
  21 orcs
  2 ball pythons
  14 bats
  8 giant cockroaches
  11 goblins
  11 hobgoblins
  7 jackals
  2 quokkas
  A giant gecko skeleton (D:4)
  4 giant newts
  20 kobolds
  11 rats
  A fungus (Sewer)
  2 plants (Sewer)
183 creatures vanquished.

Notes
Turn   | Place    | Note
--------------------------------------------------------------
     0 | D:1      | frag, the Troll Fighter, began the quest for the Orb.
     0 | D:1      | Reached XP level 1. HP: 22/22 MP: 0/0
   236 | D:1      | Reached XP level 2. HP: 29/29 MP: 1/1
  1104 | D:2      | Reached XP level 3. HP: 21/36 MP: 2/2
  1163 | D:2      | Reached skill level 3 in Dodging
  1245 | D:2      | Found a deep blue altar of Sif Muna.
  1297 | D:2      | Reached XP level 4. HP: 40/44 MP: 3/3
  1353 | D:2      | Noticed Sigmund
  1370 | D:2      | Killed Sigmund
  1370 | D:2      | Reached XP level 5. HP: 43/53 MP: 4/4
  1543 | D:2      | Reached skill level 4 in Dodging
  1652 | D:3      | Reached XP level 6. HP: 56/61 MP: 5/5
  1892 | D:3      | HP: 3/61 [orc/whip (6)]
  2337 | D:3      | Noticed frag's ghost (experienced HuFi)
  2365 | D:3      | Killed frag's ghost
  2365 | D:3      | Reached XP level 7. HP: 19/67 MP: 6/6
  2890 | D:4      | Noticed frag's ghost (average CeFi)
  2902 | D:4      | Killed frag's ghost
  2902 | D:4      | Reached skill level 5 in Dodging
  3593 | D:5      | Entered Level 5 of the Dungeon
  3754 | D:5      | Reached XP level 8. HP: 67/78 MP: 7/7
  4092 | D:5      | Found a staircase to the Ecumenical Temple.
  4234 | D:5      | Reached skill level 6 in Dodging
  4799 | D:6      | Found a glowing drain.
  4844 | Sewer    | Entered a sewer
  5251 | D:6      | Reached skill level 5 in Shields
  5263 | D:6      | Reached skill level 5 in Unarmed Combat
  5370 | D:6      | Found an opulent altar of Gozag.
  5390 | D:6      | Became a worshipper of Gozag Ym Sagoz the Greedy
  5440 | D:6      | Reached XP level 9. HP: 39/85 MP: 2/8
  5861 | D:7      | Found a sacrificial altar of Ru.
  5908 | D:7      | Found a bloodstained altar of Trog.
  6067 | D:7      | Found a shimmering altar of Xom.
  6127 | D:7      | Reached skill level 7 in Dodging
  6208 | D:7      | Found a shattered altar of Ashenzari.
  6211 | D:7      | Noticed a green ugly thing
  6255 | D:7      | HP: 4/87 [green ugly thing (13)]
  6260 | D:7      | HP: 4/87 [poisoned by a green ugly thing]
  6261 | D:7      | HP: 1/87 [poisoned by a green ugly thing]
  6262 | D:7      | Succumbed to a green ugly thing's poison

Action                   |  1- 3 |  4- 6 |  7- 9 || total
-------------------------+-------+-------+-------++-------
Melee: Unarmed           |    91 |    94 |   476 ||   661
       Flail             |       |    45 |       ||    45
       Falchion          |       |       |    20 ||    20
  Use: Scroll            |     6 |     2 |     7 ||    15
       Potion            |       |     3 |     8 ||    11
  Eat: Pizza             |     2 |       |       ||     2
       Bread ration      |     1 |       |     4 ||     5
       Meat ration       |     1 |     1 |     1 ||     3
       Royal jelly       |       |     1 |       ||     1
       Chunk             |       |       |    11 ||    11
       Beef jerky        |       |       |     1 ||     1
       Fruit             |       |       |     1 ||     1
